 Dungeon Crawl Stone Soup version 0.28-a0-1435-g82390b3a13 (webtiles) character file.

Game seed: 17835769626629609181

23 voltaire321 the Charlatan (level 3, -3/27 HPs)
             Began as a Merfolk Artificer on Jan 9, 2022.
             Slain by Crazy Yiuf (13 damage)
             ... on level 2 of the Dungeon.
             The game lasted 00:02:39 (1061 turns).

voltaire321 the Charlatan (Merfolk Artificer)       Turns: 1061, Time: 00:02:39

Health: -3/27      AC:  4    Str: 12    XL:     3   Next: 0%
Magic:  3/3        EV: 12    Int: 10    God:
Gold:   30         SH:  0    Dex: 16    Spells: 2/2 levels left

rFire   . . .      SeeInvis .   n - +3 short sword (freeze)
rCold   . . .      Faith    .   (no shield)
rNeg    . . .      Spirit   .   b - +0 leather armour
rPois   .          Reflect  .   a - +0 helmet
rElec   .          Harm     .   (no cloak)
rCorr   .          Rampage  .   (no gloves)
Will    .....                   (no boots)
Stlth   ++........              g - amulet of the acrobat
HPRegen 0.09/turn               (no ring)
MPRegen 0.08/turn               (no ring)

@: no status effects
A: (nimble swimmer 2), mertail
a: no special abilities


You were on level 2 of the Dungeon.
You visited 1 branch of the dungeon, and saw 2 of its levels.

You collected 30 gold pieces.

Inventory:

Hand Weapons
 n - a +3 short sword of freezing (weapon)
Missiles
 j - 5 poisoned darts
 k - 5 boomerangs
Armour
 a - a +0 helmet (worn)
 b - a +0 leather armour (worn)
Jewellery
 g - an amulet of the acrobat (around neck)
Wands
 c - a wand of flame (15) (quivered)
 d - a wand of charming (21)
Scrolls
 i - a scroll of immolation {unknown}
Potions
 f - a potion of mutation {unknown}
 h - a potion of might {unknown}
 l - a potion of attraction {unknown}
 m - a potion of flight {unknown}
Miscellaneous
 e - a piece from Xom's chessboard (15/15)


   Skills:
 + Level 1.6 Fighting
 + Level 0.6 Throwing
 + Level 1.0 Armour
 + Level 3.2 Dodging
 - Level 1.1 Stealth
 + Level 3.2 Evocations


You had 2 spell levels left.
You didn't know any spells.
Your spell library was empty.

Dungeon Overview and Level Annotations

Branches:
Dungeon (2/15)

Altars:
Cheibriados

Annotations:
D:2 Crazy Yiuf


Innate Abilities, Weirdness & Mutations

((You are very nimble when in or above water. (Stealth+, EV+, Speed+++)))
Your lower body shifts to a powerful aquatic tail in water.


Message History

The worm is severely wounded.
You hit the worm. You freeze the worm.
You kill the worm!
You now have 30 gold pieces (gained 12).
You see here a worm corpse.
A bat comes into view.
Found a stone staircase leading down.
The bat hits you but does no damage. The bat completely misses you.
You barely miss the bat. The bat hits you but does no damage.
You closely miss the bat. The bat hits you. The bat completely misses you.
The bat hits you but does no damage. The bat misses you.
You hit the bat. You freeze the bat.
You kill the bat!
A quokka comes into view.
You hit the quokka. You freeze the quokka.
You kill the quokka!
You have reached level 3!
Your experience leads to an increase in your attributes!
Increase (S)trength, (I)ntelligence, or (D)exterity?
You feel agile. x2
Found a mace.
Found a runed translucent door.
You open the door. You hit Crazy Yiuf. You freeze Crazy Yiuf.
Crazy Yiuf is moderately wounded.
Crazy Yiuf screams, "Adder!"
Crazy Yiuf hits you with a +2 quarterstaff of chaos!
You hit Crazy Yiuf. You freeze Crazy Yiuf.
Crazy Yiuf is heavily wounded.
Crazy Yiuf hits you with a +2 quarterstaff of chaos.
Crazy Yiuf freezes you.
You hit Crazy Yiuf. You freeze Crazy Yiuf.
Crazy Yiuf is severely wounded.
Crazy Yiuf says, "Tonal Orb Guardian light!"
Crazy Yiuf hits you with a +2 quarterstaff of chaos!
Crazy Yiuf screams, "You ladder head!"
Crazy Yiuf hits you with a +2 quarterstaff of chaos!
You die...

..###.# #.#.
#.....###)#.
#...........
#####
#...........
#)..#
#...........
#...#
#####..##.#.
... ##.##...
#g# #.†###.
♣@♣♣ ##.###.
♣♣.♣ #..##[
♣.♣♣ ##.##.
♣♣.♣ #..#.
♣♣.♣♣ ##.#.
♣♣.P.♣ #.#.
♣.PP.♣ #.#.
#....# #.#.
#....# #...


You could see Crazy Yiuf.

Vanquished Creatures
  A worm (D:2)
  2 bats (D:2)
  An endoplasm (D:1)
  2 giant cockroaches (D:1)
  2 hobgoblins
  A quokka (D:2)
  3 ball pythons (D:1)
  A frilled lizard (D:1)
  6 kobolds
  A rat (D:1)
20 creatures vanquished.

Notes
Turn   | Place    | Note
-------+----------+-------------------------------------------
     0 | D:1      | voltaire321 the Merfolk Artificer began the quest for the
                  | Orb.
     0 | D:1      | Reached XP level 1. HP: 15/15 MP: 1/1
    73 | D:1      | Found a faded altar of an unknown god.
   538 | D:1      | Reached XP level 2. HP: 21/21 MP: 2/2
   937 | D:2      | Reached skill level 1 in Armour
   937 | D:2      | Found a snail-covered altar of Cheibriados.
  1045 | D:2      | Reached XP level 3. HP: 27/27 MP: 3/3
  1054 | D:2      | Found a runed translucent door.
  1055 | D:2      | Noticed Crazy Yiuf
  1061 | D:2      | Slain by Crazy Yiuf

Illustrated notes

Levels and vault maps discovered:
D:1:      dpeg_arrival_shelter, layout_loops_ring,
          ebering_ecumenical_altar_sacrificial
D:2:      layout_basic, basic_altar, uniq_crazy_yiuf_cottage

Skill      XL: |  1  2 |
---------------+-------+-----
Dodging        | 3 |  3.2
Armour         | 1 |  1.0
Fighting       | |  1.6
Throwing       | |  0.6
Stealth        | |  1.1
Evocations     | |  3.2

Action                   || total
-------------------------++-------
Melee: Mace              ||    35
       Short sword       ||    27
 Stab: Sleeping          ||     2
       Distracted        ||     1
Armor: Leather armour    ||    14
Dodge: Dodged            ||    53

Table legend: (Time is in decaauts)
 A = Elapsed time spent in this place.
 B = Non-inter-level travel time spent in this place.
 C = Inter-level travel time spent in this place.
 D = Time resting spent in this place.
 E = Time spent auto-exploring this place.
 F = Levels seen in this place.
 G = Mean time per level.
                   A        B        C        D        E       F      G
               +--------+--------+--------+--------+--------+-----+--------+
         Total |   1076 |   1049 |     27 |     54 |    740 |   2 |  538.0 |
       Dungeon |   1076 |   1049 |     27 |     54 |    740 |   2 |  538.0 |
               +--------+--------+--------+--------+--------+-----+--------+

Top non-repeatable levels by time:
     D:1: 930 daAuts
     D:2: 145 daAuts
